 Dungeon Crawl Stone Soup version 0.28.0-49-g6dfe1f597d (webtiles) character file.

Game seed: 8942770571628841963

27 pkoi the Insei (level 2, -1/24 HPs)
             Began as a Demigod Gladiator on May 16, 2022.
             Killed from afar by a white imp (8 damage)
             ... with a puff of frost
             ... summoned by Natasha
             ... on level 2 of the Dungeon.
             The game lasted 00:01:21 (1497 turns).

pkoi the Insei (Demigod Gladiator)                  Turns: 1497, Time: 00:01:22

Health: -1/24      AC:  4    Str: 15    XL:     2   Next: 72%
Magic:  4/4        EV: 12    Int: 10    God:
Gold:   30         SH:  0    Dex: 15    Spells: 1/1 levels left

rFire   . . .      SeeInvis .     - Unarmed
rCold   . . .      Faith    .   (no shield)
rNeg    . . .      Spirit   .   a - +0 leather armour
rPois   .          Reflect  .   b - +0 helmet
rElec   .          Harm     .   (no cloak)
rCorr   .          Rampage  .   (no gloves)
Will    .....                   (no boots)
Stlth   +.........              (no amulet)
HPRegen 0.08/turn               (no ring)
MPRegen 0.09/turn               (no ring)

@: no status effects
A: high MP 1, forlorn, divine attributes
a: no special abilities


You were on level 2 of the Dungeon.
You visited 1 branch of the dungeon, and saw 2 of its levels.

You collected 30 gold pieces.

Inventory:

Hand Weapons
 d - a +1 trident
Missiles
 c - 3 throwing nets (quivered)
Armour
 a - a +0 leather armour (worn)
 b - a +0 helmet (worn)
Jewellery
 h - an amulet of guardian spirit
Potions
 e - 3 potions of brilliance
 g - a potion of haste


   Skills:
 - Level 1.7 Fighting
 - Level 1.7 Throwing
 - Level 2.6 Dodging
 + Level 3.8 Unarmed Combat


You had one spell level left.
You didn't know any spells.
Your spell library contained the following spells:

 Spells                   Type           Power      Damage    Failure   Level
 Animate Skeleton         Necr           0%         N/A       43%         1
 Apportation              Tloc           0%         N/A       43%         1
 Summon Small Mammal      Summ           0%         N/A       43%         1
 Petrify                  Tmut/Erth      0%         N/A       99%         4
 Metabolic Englaciation   Hex/Ice        0%         N/A       100%        5
 Statue Form              Tmut/Erth      0%         N/A       100%        6


Dungeon Overview and Level Annotations

Branches:
Dungeon (2/15)

Annotations:
D:2 Natasha


Innate Abilities, Weirdness & Mutations

You have an increased reservoir of magic. (+10% MP)
You shall have no god before yourself.
Your divine heritage dramatically boosts your attributes as you level up.


Message History

HP restored.
You start waiting.
Done waiting.
You start waiting.
Done waiting.
There is an escape hatch in the floor here.
Unknown command.
You slide downwards.
The hatch slams shut behind you.
Level annotation: Natasha Unknown command.
f - a scroll labelled HOCUNT PUIF;
g - a potion of haste Natasha hisses angrily.
Natasha casts a spell at you. The magic dart hits you.
As you read the scroll labelled HOCUNT PUIF, it crumbles to dust.
It is a scroll of enchant weapon.
Your +0 trident glows red for a moment.
Natasha casts a spell at you.
You feel yourself slow down.
Natasha mumbles some strange words.
The crimson imp grinds its teeth.
Natasha extends her claws.
The crimson imp blinks!
The crimson imp blinks!
You see here a hobgoblin skeleton.
Natasha casts a spell.
You feel yourself speed up.
Natasha mumbles some strange words.
Natasha hisses.
Natasha claws you!
* * * LOW HITPOINT WARNING * * *
Natasha stares at you and mumbles some strange words.
The magic dart hits you!
* * * LOW HITPOINT WARNING * * *
The white imp disappears for a moment.
Natasha mumbles some strange words.
Natasha's front paws start to glow.
The white imp gestures at you. The puff of frost hits you!
You die...

#.##.##.#####... .###.
#.##.##........#... ..
######)##........#..#.#
##
.........####..##......
#######........# #...#
#......##<###.<.#
#.#.##.##..÷..h.#
#.#.#.##.######...#
#.#.#...@# #÷..#
.........# #...#
#.#....h.######...#####
#.....5..............
#.#.#........>.......
#.#.#5...............
#.#...#..####...#####
#.#..##..# #...#
#.#.5....# #...#


You could see Natasha and 2 white imps.

Vanquished Creatures
  A dart slug (D:1)
  A ball python (D:1)
  An endoplasm (D:1)
  2 giant cockroaches (D:1)
  3 goblins (D:1)
  4 hobgoblins
  3 jackals (D:2)
  A quokka (D:2)
  2 bats
  A frilled lizard (D:2)
  3 rats
22 creatures vanquished.

Notes
Turn   | Place    | Note
-------+----------+-------------------------------------------
     0 | D:1      | pkoi the Demigod Gladiator began the quest for the Orb.
     0 | D:1      | Reached XP level 1. HP: 17/17 MP: 3/3
    80 | D:1      | Reached skill level 3 in Unarmed Combat
   215 | D:1      | Reached XP level 2. HP: 24/24 MP: 4/4
  1031 | D:2      | Noticed Natasha
  1497 | D:2      | Killed from afar by a white imp

Illustrated notes

Levels and vault maps discovered:
D:1:      roderic_chinese_lattice_arrival, layout_loops_ring,
          hellmonk_ecumenical_altar_pennies_from_heaven
D:2:      layout_loops_cross, minmay_unequal, uniq_natasha, uniq_terence

Skill      XL: |  1 |
---------------+----+-----
Unarmed Combat | 3 |  3.8
Fighting       | |  1.7
Throwing       | |  1.7
Dodging        | |  2.6

Action                   || total
-------------------------++-------
Melee: Unarmed           ||    75
       Trident           ||    11
       Punch             ||     4
  Use: Scroll            ||     3
       Potion            ||     3
 Stab: Sleeping          ||     1
Armor: Leather armour    ||    30
Dodge: Dodged            ||    63
